 Dungeon Crawl Stone Soup version 0.13.0-25-g43d4df3 (webtiles) character file.

147 Malachi the Chiller (level 3, -2/24 HPs)
             Began as a Vampire Ice Elementalist on Oct 27, 2013.
             Killed from afar by an orc wizard (5 damage)
             ... with a magic dart
             ... on Level 3 of the Dungeon.
             The game lasted 00:03:39 (1873 turns).

Malachi the Chiller (Vampire Ice Elementalist)      Turns: 1873, Time: 00:03:40

HP  -2/24        AC  2     Str  7      XL: 3   Next: 76%
MP   4/7         EV 12     Int 18      God:
Gold 89          SH  0     Dex 14      Spells:  1 memorised,  4 levels left

Res.Fire  : . . .   See Invis. : +   (no weapon)
Res.Cold  : . . .   Warding    : .   a - +0 robe
Life Prot.: + . .   Conserve   : .   (no shield)
Res.Poison: .       Res.Corr.  : .   (no helmet)
Res.Elec. : .       Clarity    : .   (no cloak)
Sust.Abil.: . .     Spirit.Shd : .   (no gloves)
Res.Mut.  : .       Stasis     : .   (no boots)
Res.Rott. : .       Flight     : .   (no amulet)
Saprovore : . . .                    (no ring)
                                     g - ring of regeneration

@: slightly resistant to hostile enchantments, stealthy
A: fangs 3, see invisible, unbreathing
a: Bat Form


You were on level 3 of the Dungeon.
You were not thirsty.

You visited 1 branch of the dungeon, and saw 3 of its levels.

You collected 69 gold pieces.

Inventory:

Armour
 a - a +0 robe (worn)
Scrolls
 d - a scroll of identify {unknown}
 e - 2 scrolls of random uselessness {unknown}
 k - 4 scrolls of remove curse {unknown}
Jewellery
 g - a ring of regeneration (left hand)
Potions
 c - a potion of blood
 f - a potion of heal wounds {unknown}
 h - a potion of poison {unknown}
 i - a potion of flight {unknown}
 j - a potion of restore abilities {unknown}
Books
 b - a book of Frost

   Spells                             Type                      Level
   *Freeze                            Ice                          1
   Throw Frost                        Conjuration/Ice              2
   Ozocubu's Armour                   Charms/Ice                   3
   Throw Icicle                       Conjuration/Ice              4
   Summon Ice Beast                   Ice/Summoning                4
   Condensation Shield                Ice                          4


   Skills:
 - Level 2.1 Dodging
 - Level 3.0 Stealth
 + Level 1.9 Spellcasting
   Level 0.6 Conjurations
 * Level 4.3 Ice Magic


You had 4 spell levels left.
You knew the following spells:

 Your Spells              Type           Power        Failure   Level  Hunger
a - Freeze                Ice            ###.         3%          1    #......


Dungeon Overview and Level Annotations

Branches:
Dungeon (3/27)

Altars:


Innate Abilities, Weirdness & Mutations

You have razor-sharp teeth.*
You have supernaturally acute eyesight.
You can survive without breathing.*


Message History

The magic dart hits you! The orc wizard closely misses you.
Casting: Freeze
Confirm with . or Enter, or press ? or * to list all spells.
Aiming: Freeze
Press: ? - help, Shift-Dir - straight line, f/p - orc wizard
Aim: an orc wizard, wielding an orcish dagger and wearing an orcish robe (moderately wounded)
You freeze the orc wizard.
The orc wizard is heavily wounded.
The orc closely misses you. The orc wizard casts a spell at you.
The magic dart hits you!
* * * LOW HITPOINT WARNING * * *
The orc wizard hits you but does no damage.
The orc wizard casts a spell.
The orc wizard blinks!
The orc wizard mumbles some strange words.
The orc wizard seems to speed up.
The orc wizard points at you and mumbles some strange words.
The magic dart hits you!
You die...

#########.#
#########.#
#......<..#
#.#######.# #.# #
#.######### # #.
#.......(.. #.#.#
#####.#########
#....##.o@o..........
#.o...##.#########
#..o###.##.# .......
..##.# .####..
..#.... #####. ####
#. ##


You could see 2 orc wizards and 2 orcs.

Vanquished Creatures
  An adder (D:2)
  A giant mite (D:1)
  A worm (D:2)
  3 giant cockroaches (D:2)
  5 goblins
  7 hobgoblins
  2 quokkas (D:2)
  A ball python (D:2)
  4 bats
  4 giant newts
  A kobold (D:1)
  7 rats
37 creatures vanquished.

Notes
Turn   | Place    | Note
--------------------------------------------------------------
     0 | D:1      | Malachi, the Vampire Ice Elementalist, began the quest for the Orb.
     0 | D:1      | Reached XP level 1. HP: 13/13 MP: 4/4
   378 | D:1      | Reached XP level 2. HP: 16/19 MP: 0/5
  1028 | D:2      | Reached XP level 3. HP: 24/24 MP: 1/7
  1254 | D:2      | Reached skill level 4 in Ice Magic
  1869 | D:3      | HP: 1/24 [orc wizard/magic dart (10)]
  1873 | D:3      | Killed from afar by an orc wizard

Action                   || total
-------------------------++-------
Melee: Unarmed           ||     7
 Cast: Freeze            ||    63
